Description

Reduced clutter build order from: https://lotv.spawningtool.com/build/83918/

Build Order

Get SALT Encoding   

  14  0:19  Pylon  
  14  0:21  Probe (Chrono Boost)  
  15  0:41  Gateway  
  16  0:45  Probe (Chrono Boost)  
  16  0:49  Assimilator  
  19  1:17  Pylon  FAKE
  20  1:33  Nexus  
  20  1:39  Cybernetics Core  
  20  1:46  Assimilator  
  22  1:59  Pylon  
  23  2:09  Adept (Chrono Boost)  
  26  2:28  Stargate  
  26  2:36  Adept  
  29  2:42  Warp Gate  
  31  2:54  Gateway  
  32  3:02  Oracle (Chrono Boost)  
  38  3:14  Adept  
  42  3:33  Pylon  
  43  3:40  Phoenix  
  46  3:51  Robotics Facility  
  47  3:56  Assimilator x2  
  47  4:02  Pylon  
  50  4:14  Twilight Council  
  52  4:25  Gateway x2  
  55  4:39  Warp Prism (Chrono Boost)  
  59  4:54  Templar Archives  
  60  5:06  Nexus  
  63  5:26  Assimilator x2  
  62  5:34  High Templar x4  
  68  5:40  Archon x2  
  68  5:41  Immortal  
  68  5:42  Charge  
  78  6:03  Gateway  
  78  6:10  Forge  
  80  6:18  Immortal, Robotics Facility  
  86  6:29  Protoss Ground Weapons Level 1  
  89  6:43  Shield Battery x2  
  121  7:36  Psionic Storm  
Spawning Tool Build Advisor. Get it on Overwolf

Go to:

Details

  • Created by: Konbonix
  • Published on: Dec 20, 2018
  • Modified on: Dec 20, 2018
  • Patch: 4.7.1
Show
View Real Time Build Order
Export as new Build Order

Comments (1)

On Sept. 11, 2020, 9:14 a.m., Polaris126  said:

no chrono

Create an account to comment!